← All builds
Geo / Cortex / Economy first / OBSERVED BUILD

Standard geo

Cortex Geo build order · Supreme Isthmus

Standard Cortex Geo play: fast geothermal and advanced geothermal into T2 bot lab, blowing up the commander for T2 and supplying teammates with constructors and rez bots while bringing Sheldons and other T2 bots to front.

Usually blows up the commander for T2 (71%)

#eco #t2 #team support · 246 distinct matches · 92 players · 32% of Cortex Geo games · team won 44% of 252 · Recently observed

THE CATCH, AND WHAT COMES WITH IT
  • ArbiterArbiter in 41%18% of all Geo games by then
  • SumoSumo in 40%16% of all Geo games by then

Then transitions into Sheldon (25% of army), Sumo (9% of army).

HOW TO PLAY IT

Key timing: T2 bot lab by 8:03

  1. Open 3 mex into early Bot Lab and solar.
  2. Bring geothermal online fast to fund the tech rush.
  3. Finish Advanced Bot Lab to unlock T2 bot units.
  4. Push Sheldon (and Arbiter, Sumo) to front as the first T2 units.
  5. Switch into T2 construction bots to supply allies with T2 cons.

Phase by phase

TYPICAL OF ITS 246 GAMES · AGAINST STANDARD GEO
  1. 1
  2. 2
  3. 3
  4. 4
PLAY THE OPENING

Follow the example game's first 6:00 step by step: what to build now, what comes next, and where it goes. At 1× it keeps pace with your own game.

  1. 1

    Up to the Bot Lab

    Economy
    • Metal Extractor3Mex
    • Wind Turbine4Wind
    Order
    1. Bot LabBot Lab after 3 mex, 4 winddone ~1:13, middle half 0:57–1:23

    By 0:56 in all: 3 mex · 4 wind

    The example game in this phase · 3 steps
    1. Mex ×2
    2. Wind ×3
    3. Bot LabBot Labdone 0:53 · typical 1:13
  2. 2

    Bot Lab to 5:00

    Economy
    • Metal Extractor1Mex
    • Wind Turbine4Wind−4 vs standard
    • Energy Converter8Converter
    • Energy Storage1Energy storage
    Order
    1. Geothermal PowerplantGeo after 4 mex, 6 wind, 1 energy storage
    2. Bot LabEat Bot Lab
    Builders
    • Construction Turret5 Con turret +3 vs standard
    • Graverobber4 Graverobber
    • Construction Bot2 Con bot
    • Construction Bot1 Con bot for allies
    • Graverobber1 Graverobber for allies

    By 5:00 in all: 4 mex · 7 wind (standard 10) · 1 geo · 8 converter · 1 energy storage · 5 con turret (standard 2)

    The example game in this phase · 34 steps
    1. Wind
    2. GraverobberGraverobber
    3. Wind
    4. GraverobberGraverobber
    5. Construction BotCon bot
    6. Mex
    7. Construction BotCon bot
    8. Construction BotCon botfor Beach sea
    9. Mex
    10. Construction BotCon bot
    11. Energy storage
    12. Wind ×3
    13. Bot LabEat Bot Labreclaimed for its metal
    14. Wind
    15. Converter
    16. Wind
    17. Converter
    18. Wind
    19. Converter
    20. Con turret
    21. Wind
    22. Converter
    23. Wind ×2
    24. Converter
    25. Wind
    26. Converter
    27. Con turret
    28. Wind ×2
    29. GuardGuard
    30. Con turret
    31. GuardGuard
    32. Wind ×4
    33. Mexfor Front
    34. Con turret
  3. 3

    5:00 to Advanced Bot Lab

    Economy
    • Wind Turbine2Wind−2 vs standard
    • Energy Converter2Converter
    Order
    1. Advanced Geothermal PowerplantAdvanced Geothermal Powerplant after 9 wind, 12 converter, 6 con turretin 61% of games
    2. Advanced Bot LabAdvanced Bot Lab after 13 wind, 12 converter, 6 con turretdone ~7:55, middle half 7:31–8:28

    Some games also: con turret (49%)

    By 7:14 in all: 4 mex · 12 wind · 1 geo · 1 Advanced Geothermal Powerplant · 12 converter (standard 8) · 1 energy storage

    The example game in this phase · 4 steps
    1. Advanced Geothermal PowerplantAdvanced Geothermal Powerplantdone 5:53 · typical 7:16
    2. Mexfor Front
    3. Wind
    4. Advanced Bot LabAdvanced Bot Labnot finished by 15:00 · typical 7:55
  4. 4

    Advanced Bot Lab to 10:00

    Economy
    • Energy Converter3Converter+3 vs standard
    Army
    • Sheldon3 Sheldon +3 vs standard
    • Augur1 Radar bot

    Some games also: jammer bot (49%) · T2 con bot for allies (46%) · wind (38%) · con turret (35%) · crawling bomb (33%)

    By 10:00 in all: 4 mex · 17 wind · 1 geo · 1 Advanced Geothermal Powerplant · 16 converter (standard 10) · 1 energy storage

    The example game in this phase · 122 steps
    1. Wind
    2. Advanced Bot LabEat Advanced Bot Labreclaimed for its metal
    3. Wind
    4. Advanced Metal ExtractorT2 mex ×2done 6:51 · typical 5:38
    5. Con turret
    6. Wind
    7. Converter
    8. Advanced Metal ExtractorT2 mex
    9. Wind
    10. Converter ×4
    11. Advanced Metal ExtractorT2 mex
    12. Converter ×5
    13. Advanced Bot LabAdvanced Bot Labdone 8:17
    14. Converter
    15. Twin GuardTwin Guard
    16. Converter
    17. Wind
    18. Converter ×2
    19. Wind
    20. Converter
    21. BedbugCrawling bomb
    22. Converter
    23. Wind
    24. BedbugCrawling bomb
    25. Converter
    26. Wind
    27. BedbugCrawling bomb
    28. Wind
    29. Converter
    30. BedbugCrawling bomb
    31. Fortification WallFortification Wall ×2
    32. Wind
    33. Fortification WallFortification Wall
    34. BedbugCrawling bomb
    35. Twin GuardTwin Guard
    36. Fortification WallFortification Wall
    37. Wind
    38. BedbugCrawling bomb
    39. Fortification WallFortification Wall ×2
    40. Wind
    41. Fortification WallFortification Wall
    42. BedbugCrawling bomb
    43. Fortification WallFortification Wall ×3
    44. Wind
    45. BedbugCrawling bomb
    46. Fortification WallFortification Wall ×5
    47. BedbugCrawling bomb
    48. Fortification WallFortification Wall
    49. Wind
    50. Con turret
    51. BedbugCrawling bomb
    52. Con turret
    53. BedbugCrawling bomb
    54. ThistleThistle
    55. BedbugCrawling bomb
    56. Con turret
    57. BedbugCrawling bomb
    58. Con turret
    59. BedbugCrawling bomb
    60. Con turret
    61. ArbalestArbalest
    62. Advanced Construction BotT2 con botfor Suicide front
    63. Wind
    64. TwitcherTwitcher
    65. Wind
    66. TwitcherTwitcherfor Front
    67. ArbalestArbalest
    68. Wind
    69. TwitcherTwitcherfor Front
    70. Wind
    71. Advanced Bot LabAdvanced Bot Labdone 11:17
    72. Con turret ×2
    73. Wind
    74. BirdshotBirdshot
    75. Con turret
    76. Wind
    77. PlatypusPlatypus
    78. Advanced Bot LabEat Advanced Bot Labreclaimed for its metal
    79. Twin GuardTwin Guard
    80. Con turret
    81. PlatypusPlatypus ×2
    82. Wind
    83. PlatypusPlatypus ×2
    84. Twin GuardTwin Guard
    85. PlatypusPlatypus
    86. Con turret
    87. PlatypusPlatypus
    88. Con turret
    89. PlatypusPlatypus
    90. Con turret
    91. PlatypusPlatypus
    92. Con turret
    93. Wind
    94. PlatypusPlatypus
    95. Twin GuardTwin Guard
    96. PlatypusPlatypus ×3
    97. Advanced Radar TowerAdvanced Radar Tower
    98. Wind
    99. PlatypusPlatypus
    100. Wind
    101. PlatypusPlatypus
    102. TumbleweedRolling bomb ×2
    103. Wind
    104. TumbleweedRolling bomb ×2
    105. Wind
    106. TumbleweedRolling bomb
    107. PrevailerPrevailerdone 14:12
    108. PlatypusPlatypus ×2
    109. Wind
    110. PlatypusPlatypus ×2
    111. Wind
    112. PlatypusPlatypus ×2
    113. Wind
    114. PlatypusPlatypus ×2
    115. Wind
    116. PlatypusPlatypus
    117. Advanced Construction BotT2 con bot
    118. PlatypusPlatypus
    119. Advanced Bot LabEat Advanced Bot Labreclaimed for its metal
    120. Fusion ReactorFusiondone 14:48
    121. Wind ×2
    122. Medium MineMedium Mine

Counts are medians over the build's games: half of them build more, half fewer. The example game is TheAdmiral's (35 OS, 10/08/2026); pick another.

Team trades

IN AT LEAST 30% OF ITS GAMES

You hand over

  • Graverobber1 Graverobber to Beach seafirst at 2:20 · in 79% of games
  • Construction Bot1 Con bot to Beach seafirst at 2:36 · in 88% of games
  • Advanced Construction Bot1 T2 con bot to Suicide front or Frontfirst at 8:39 · in 55% of games

You get

  • Advanced Construction Bot1 T2 con bot from Techfirst at 4:54 · in 93% of games

How it plays out

Typical game of this build, running totals by minute

Metal produced

020k40k
0:005:0010:0015:00

metal

Enemy metal destroyed

05k10k
0:005:0010:0015:00

metal

Own metal lost

02k4k6k
0:005:0010:0015:00

metal

252 games.

Show as table
ByMetal produced: This buildEnemy metal destroyed: This buildOwn metal lost: This build
1:0034200
2:0087100
3:00150100
4:00266400
5:00369500
6:00559500
7:00789400
8:001096700
9:00138762144
10:0016784317192
11:00196101109738
12:002268522331400
13:002559740392394
14:002844458094294
15:003135178625625
WHAT THE NUMBERS SAY

Standard geo play wins less than half its games but builds a big eco lead, reaching nearly 31.5k metal production by 15:00.

  • + Metal production hits 16919 by 10:00, well ahead of most roles.
  • + Own metal lost stays near zero (260) by 10:00, a very safe tech rush.
  • − Team wins under half of games (46%).
  • − Enemy metal destroyed stays low (423) by 10:00, showing slow early impact.
THE EXAMPLE YOU ARE READING

TheAdmiral

34.6 OS · 10/08/2026

Open source match ↗

1 received units · includes a constructor
87 metal received · 122286 energy received

Allied construction assistance is unknown. Timings are observations, not a promise of solo reproducibility.

Typical milestones

Bot Lab1:13Middle 50%: 0:57–1:23 · n=251
Geothermal Powerplant3:25Middle 50%: 3:09–3:45 · n=251
Advanced Metal Extractor5:38Middle 50%: 5:20–6:03 · n=233
Advanced Geothermal Powerplant7:16Middle 50%: 6:53–7:46 · n=170
Advanced Bot Lab7:55Middle 50%: 7:31–8:28 · n=198
Sheldon8:41Middle 50%: 8:03–9:14 · n=168

Played most by

_Hawkey_20games of this buildzeus_on_god13games of this buildRogShotz12games of this buildGodmother139games of this buildViltrum9games of this build